 Dungeon Crawl Stone Soup version 0.31-a0-978-g1e143483b6 (webtiles) character file.

Game seed: 7260415149619004017

564 Arzdou the Cudgeller (level 7, -8/59 HPs)
             Began as an Armataur Fighter on Oct 30, 2023.
             Splashed by a jelly's acid (9 damage)
             ... on level 5 of the Dungeon.
             The game lasted 00:05:47 (4544 turns).

Arzdou the Cudgeller (Armataur Fighter)             Turns: 4544, Time: 00:05:48

Health: -8/59      AC: -2    Str: 21    XL:     7   Next: 10%
Magic:  7/7        EV:  7    Int:  8    God:
Gold:   165        SH:  4    Dex: 12    Spells: 6/6 levels left

rFire   . . .        a - +0 flail
rCold   . . .        c - +0 buckler
rNeg    . . .        b - +0 scale mail
rPois   +            (no helmet)
rElec   .            q - +0 cloak
rCorr   .            s - +0 pair of gloves
SInv    .            (no barding)
Will    .....        (no amulet) Stlth
                     g - ring of flight
HPRegen 0.29/turn    p - ring of poison resistance
MPRegen 0.10/turn

%: roll
@: corroded, flying
A: large, rugged brown scales 3, deformed body, armoured tail, roll, long
tongue, awkward tongue
a: no special abilities


You were on level 5 of the Dungeon.
You visited 1 branch of the dungeon, and saw 5 of its levels.

You collected 165 gold pieces.

Inventory:

Hand Weapons
 a - a +0 flail (weapon)
Missiles
 m - 6 poisoned darts
Armour
 b - a +0 scale mail (worn)
 c - a +0 buckler (worn)
 q - a +0 cloak (worn)
 s - a +0 pair of gloves (worn)
Jewellery
 g - a ring of flight (left hand)
 p - a ring of poison resistance (right hand)
Scrolls
 e - 4 scrolls of identify
 f - 2 scrolls of poison
 h - 4 scrolls of teleportation
 j - 3 scrolls of blinking
 o - a scroll of fog {unknown}
Potions
 d - a potion of might
 i - a potion of ambrosia {unknown}
 k - a potion of lignification {unknown}
 n - a potion of magic {unknown}
 r - a potion of curing {unknown}


   Skills:
 - Level 2.9 Fighting
 + Level 6.9 Maces & Flails
 - Level 3.9 Armour
 - Level 3.5 Shields


You had 6 spell levels left.
You didn't know any spells.
Your spell library contained the following spells:

 Spells                   Type           Power      Damage    Failure   Level
 Magic Dart               Conj           0%         1d3       82%         1
 Sting                    Tmut/Pois      0%         1d3       82%         1
 Summon Small Mammal      Summ           0%         N/A       82%         1
 Call Imp                 Summ           0%         N/A       91%         2
 Poisonous Vapours        Pois/Air       0%         N/A       91%         2
 Call Canine Familiar     Summ           0%         N/A       99%         3
 Mephitic Cloud           Conj/Pois/Air  0%         N/A       99%         3
 Summon Guardian Golem    Hex/Summ       0%         N/A       99%         3
 Olgreb's Toxic Radiance  Pois           0%         N/A       100%        4


Dungeon Overview and Level Annotations

Branches:
Dungeon (5/15)
 Temple: D:4-7

Altars:
Okawaru
Wu Jian

Shops:
D:3 *

Annotations:
D:4 Natasha


Innate Abilities, Weirdness & Mutations

You are completely covered in rugged brown scales. (AC +3, +7% HP)
Armour fits poorly on your strangely shaped body.
You have a long armoured tail.
You roll when moving toward enemies. (Rampage)
Your long tongue fully drains potion bottles. (2x potion effects)
Your tongue gives you trouble enunciating. (1.5x scroll delay)


Message History

The sleepcap is severely damaged.
The jelly hits you but does no damage. The sleepcap releases spores at you.
You hit the sleepcap but do no damage.
The sleepcap is severely damaged.
The jelly hits you but does no damage. The sleepcap barely misses you.
You hit the sleepcap.
The sleepcap is almost destroyed.
The jelly barely misses you.
The sleepcap releases spores at you but does no damage.
You hit the sleepcap.
You destroy the sleepcap!
The jelly hits you. The acid corrodes you!
You are splashed with acid!
You thump the jelly!
Your hands burn!
You tail-slap the jelly, but do no damage.
The jelly is moderately wounded.
The jelly barely misses you. The jelly hits you but does no damage.
You hit the jelly but do no damage.
Your hands burn!
The jelly is moderately wounded.
The jelly hits you but does no damage.
You hit the jelly but do no damage.
Your hands burn!
The jelly is moderately wounded.
The jelly hits you. The acid corrodes you!
You are splashed with acid!
You are too injured to fight recklessly!
You are too injured to fight recklessly!
You are too injured to fight recklessly!
You sock the jelly!
Your hands burn!
* * * LOW HITPOINT WARNING * * *
You tail-slap the jelly.
The jelly is severely wounded.
The jelly hits you.
* * * LOW HITPOINT WARNING * * *
The acid corrodes you!
You are splashed with acid!
* * * LOW HITPOINT WARNING * * *
You hit the jelly.
Your hands burn!
* * * LOW HITPOINT WARNING * * *
The jelly is severely wounded.
The jelly hits you.
* * * LOW HITPOINT WARNING * * *
You are splashed with acid!
You die...

###########
#.........#
#.........#
#.........+
+.........#
#.........#
#...@.....#
#..J......#
#.....$...#
#.........#
#.........#
#.........#
#.........#
#.........#
#.........#


You could see a jelly.

Vanquished Creatures
  A phantom (D:5)
  3 scorpions
  A hound (D:5)
  2 jellies (D:4)
  A sleepcap (D:5)
  Natasha (twice) (D:4)
  4 adders
  A gnoll (D:3)
  A worm (D:3)
  6 dart slugs
  6 orcs (D:3)
  5 ball pythons
  A bat (D:3)
  7 endoplasms
  3 giant cockroaches
  9 goblins
  12 hobgoblins
  4 jackals (D:1)
  A quokka (D:4)
  4 frilled lizards (D:1)
  8 kobolds
  8 rats
90 creatures vanquished.

Notes
Turn   | Place    | Note
-------+----------+-------------------------------------------
     0 | D:1      | Arzdou the Armataur Fighter began the quest for the Orb.
     0 | D:1      | Reached XP level 1. HP: 19/19 MP: 1/1
    68 | D:1      | Reached skill level 2 in Maces & Flails
    69 | D:1      | Reached XP level 2. HP: 24/26 MP: 2/2
   572 | D:1      | Reached XP level 3. HP: 27/32 MP: 3/3
  1018 | D:1      | Reached skill level 3 in Maces & Flails
  1855 | D:3      | Reached XP level 4. HP: 39/39 MP: 4/4
  2213 | D:3      | Reached skill level 4 in Maces & Flails
  2330 | D:3      | Found an ornate altar of the Wu Jian Council.
  2782 | D:3      | Found Panky's Assorted Antiques.
  2824 | D:3      | Noticed a scorpion
  2835 | D:3      | Killed a scorpion
  2836 | D:3      | Reached XP level 5. HP: 47/47 MP: 5/5
  3106 | D:4      | Reached skill level 5 in Maces & Flails
  3311 | D:4      | Noticed Natasha
  3321 | D:4      | Killed Natasha
  3459 | D:4      | Reached XP level 6. HP: 50/53 MP: 6/6
  3488 | D:4      | Found an iron altar of Okawaru.
  3587 | D:4      | Noticed an orc warrior
  4092 | D:4      | Reached skill level 6 in Maces & Flails
  4113 | D:4      | Noticed Natasha
  4120 | D:4      | Killed Natasha
  4289 | D:5      | Entered Level 5 of the Dungeon
  4313 | D:5      | HP: 1/53 [sleepcap (5)]
  4314 | D:5      | Reached XP level 7. HP: 1/59 MP: 7/7
  4344 | D:4      | Noticed Natasha
  4544 | D:5      | HP: 2/59 [acid (4)]
  4544 | D:5      | Splashed by a jelly's acid

Illustrated notes

Levels and vault maps discovered:
D:1:      nzn_arrival_crosshair, layout_basic
D:2:      layout_loops_cross, minmay_misc_feat_nine_boxes,
          kennysheep_minor_cross, minmay_misc_feat_plants
D:3:      wad_river_or_something, layout_loops_corners,
          mainiacjoe_overflow_six_doors_small, serial_shops, shop, serial_bayou,
          serial_bayou_crossing, serial_bayou_pond_b, serial_bayou_pond_d,
          serial_bayou_pond_e
D:4:      layout_basic, overflow_temple_1_default, minivault_26, minivault_26,
          uniq_natasha
D:5:      nicolae_cairo_tiling_large_dashed, layout_gridville,
          kennysheep_mini_moat, temple_hall, uniq_ijyb, uniq_eustachio

Skill      XL: |  1  2  3  4  5  6 |
---------------+-------------------+-----
Maces & Flails | 2 3 4 5 6 |  6.9
Fighting       | |  2.9
Armour         | |  3.9
Shields        | |  3.5

Action                     |  1- 3 |  4- 6 |  7- 9 || total
---------------------------+-------+-------+-------++-------
  Melee: Flail             |   115 |   156 |    10 ||   281
         Tailslap          |    12 |    17 |     3 ||    32
         Unarmed           |       |     4 |       ||     4
  Throw: Dart              |       |     2 |       ||     2
    Use: Scroll            |       |     7 |       ||     7
         Potion            |       |     1 |     1 ||     2
 Armour: Scale mail        |    76 |   112 |    13 ||   201
         Skin              |       |     1 |       ||     1
  Dodge: Dodged            |    29 |    59 |     5 ||    93
  Block: Buckler           |    24 |    30 |     2 ||    56

Table legend: (Time is in decaauts)
 A = Elapsed time spent in this place.
 B = Non-inter-level travel time spent in this place.
 C = Inter-level travel time spent in this place.
 D = Time resting spent in this place.
 E = Time spent auto-exploring this place.
 F = Levels seen in this place.
 G = Mean time per level.
                   A        B        C        D        E       F      G
               +--------+--------+--------+--------+--------+-----+--------+
         Total |   4590 |   4464 |    126 |    435 |   3336 |   5 |  918.0 |
       Dungeon |   4590 |   4464 |    126 |    435 |   3336 |   5 |  918.0 |
               +--------+--------+--------+--------+--------+-----+--------+

Top non-repeatable levels by time:
     D:4: 1407 daAuts
     D:3: 1296 daAuts
     D:1: 1128 daAuts
     D:2: 692 daAuts
     D:5: 66 daAuts
